Unix NetHack Version 3.7.0-97 Work-in-progress - last build Jan 15 2024 16:18:24 (bf5c21b99e62e8a7a5668a06ec9a5d408df58fe5,branch:master). Game began 2024-01-18 08:43:32, ended 2024-01-18 09:13:11. elenmirie, lawful female human Knight -- >| ..| ..| ...| # |d..| ######u@...| # ----- # # ---+---.-- #### |........| ## .........+ # |........| ### +.......<.### ---------- Elenmirie the Gallant St:13 Dx:12 Co:13 In:10 Wi:14 Ch:18 Lawful Dlvl:4 $:16 HP:0(19) Pw:18(18) AC:3 Xp:2/33 T:1212 Burdened Latest messages: You swap places with Arod. You swap places with Arod. You swap places with Arod. You fall down the stairs. The grid bug bites! You get zapped! Arod misses the grid bug. Arod bites the grid bug. You miss the grid bug. Arod hits the grid bug. Arod knocks the grid bug backward with a powerful blow! Arod misses the grid bug. Arod hits the grid bug. The grid bug is killed! That door is closed. You swap places with Arod. You miss the coyote. The coyote misses! You hit the coyote. Arod misses the coyote. Arod misses the coyote. The coyote bites! You kill the coyote! You swap places with Arod. You swap places with Arod. You hear a door open. You miss the coyote. The coyote bites! You miss the coyote. The coyote bites! The coyote misses! You hit the coyote. The coyote bites! You miss the coyote. The coyote misses! You hit the coyote. The coyote bites! The coyote bites! You miss the coyote. The coyote just misses! You hit the coyote. The coyote bites! You miss the coyote. The coyote bites! You die... Do you want your possessions identified? [ynq] (y) y Do you want to see your attributes? [ynq] (y) y Do you want an account of creatures vanquished? [ynaq] (y) y Do you want to see your conduct and achievements? [ynq] (y) y Do you want to see the dungeon overview? [ynq] (y) y Inventory: Coins $ - 16 gold pieces Weapons j - 9 uncursed rustproof +0 darts a - an uncursed +1 long sword (alternate weapon; not wielded) b - an uncursed +1 lance (weapon in right hand) Armor d - an uncursed +0 helmet (being worn) f - an uncursed +0 pair of leather gloves (being worn) p - an uncursed +0 small shield (being worn) c - an uncursed +1 ring mail (being worn) Comestibles g - 10 uncursed apples h - 13 uncursed carrots l - an uncursed fortune cookie m - an uncursed lembas wafer n - an uncursed melon s - an uncursed tripe ration Scrolls q - an uncursed scroll of create monster k - an uncursed scroll of enchant weapon o - 2 uncursed scrolls of identify t - an uncursed scroll of remove curse Potions r - 3 uncursed potions of healing Rings u - an uncursed +1 ring of gain strength Tools e - a cursed lock pick Elenmirie the Knight's attributes: Background: You were a Gallant, a level 2 female human Knight. You were lawful, nominally on a mission for Lugh who was opposed by Brigit (neutral) and Manannan Mac Lir (chaotic). You were right-handed. You were in the Dungeons of Doom, on level 4. You entered the dungeon 1212 turns ago. You had 33 experience points, 7 more were needed to attain level 3. Basics: You had 0 out of 19 hit points. You had all 18 energy points (spell power). Your armor class was 3. Your wallet contained 16 zorkmids. Autopickup was on for '$' plus thrown. Final Characteristics: Your strength was 13 (limit:18/100). Your dexterity was 12 (limit:18). Your constitution was 13 (limit:18). Your intelligence was 10 (limit:18). Your wisdom was 14 (limit:18). Your charisma was 18 (limit:18). Final Status: You weren't hungry. You were burdened; movement was slightly slowed. You were wielding a lance. You had basic skill with lance. Final Attributes: You were devoutly aligned. You could jump. You were warded. You are dead. Miscellaneous: You never encountered a bones level. Total elapsed playing time was 29 minutes and 38 seconds. Major events: Turn 1: elenmirie the lawful female human Knight entered the dungeon 645: entered the Gnomish Mines 1212: killed by a coyote Vanquished creatures: a coyote 2 red molds a gnome zombie a gecko 5 jackals 2 foxes 2 goblins 6 sewer rats 3 grid bugs 2 lichens 4 newts 29 creatures vanquished. No species were genocided or became extinct. Voluntary challenges: You were an atheist. You were illiterate. You never engraved Elbereth. You never genocided any monsters. You never polymorphed an object. You never changed form. You used no wishes. Achievements: You entered the Gnomish Mines. You entered a shop. The Dungeons of Doom: levels 1 to 4 Level 1: A fountain. Level 2: A fountain. Stairs down to The Gnomish Mines. Level 3: A fountain. Level 4: <- You were here. Final resting place for you, killed by a coyote. The Gnomish Mines: Level 3: Game over: ---------- / \ / REST \ / IN \ / PEACE \ / \ | elenmirie | | 16 Au | | killed by a | | coyote | | | | | | 2024 | *| * * * | * _________)/\\_//(\/(/\)/\//\/|_)_______ Fare thee well elenmirie the Knight... You died in The Dungeons of Doom on dungeon level 4 with 297 points, and 16 pieces of gold, after 1212 moves. You were level 2 with a maximum of 19 hit points when you died.